 Dungeon Crawl Stone Soup version 0.17.1-3-g152610e (webtiles) character file.

84 Locuples the Chopper (level 4, -3/33 HPs)
             Began as a Demonspawn Gladiator on Apr 12, 2016.
             Slain by GFox's ghost (8 damage)
             ... on level 3 of the Dungeon.
             The game lasted 00:06:10 (2342 turns).

Locuples the Chopper (Demonspawn Gladiator)         Turns: 2342, Time: 00:06:11

Health: -3/33      AC:  8    Str: 17    XL:     4   Next: 24%
Magic:  4/4        EV: 12    Int:  9    God:
Gold:   106        SH:  0    Dex: 12    Spells: 0 memorised, 3 levels left

rFire  . . .     SeeInvis .     a - +0 war axe
rCold  . . .     Clarity  .     b - +0 leather armour
rNeg   . . .     SustAt   .     (no shield)
rPois  .         Gourm    .     (helmet restricted)
rElec  .         Spirit   .     o - +0 cloak
rCorr  .         Warding  .     (no gloves)
rMut   .         Stasis   .     (no boots)
MR     .....                    (no amulet)
Stlth  +.........               (no ring)
                                (no ring)

@: very slightly contaminated, hasted, very quick, not resistant to hostile
enchantments, very unstealthy
A: antennae 1, rough black scales 1
a: no special abilities


You were on level 3 of the Dungeon.
You were not hungry.

You visited 1 branch of the dungeon, and saw 3 of its levels.

You collected 106 gold pieces.

Inventory:

Hand Weapons
 a - a +0 war axe (weapon)
Missiles
 d - 3 throwing nets (quivered)
Armour
 b - a +0 leather armour (worn)
 o - a +0 cloak (worn)
Scrolls
 i - a scroll of teleportation
 k - 2 scrolls of identify {unknown}
 l - 2 scrolls of fog {unknown}
Comestibles
 e - 3 bread rations
 g - 5 fruits
 j - a meat ration
 n - a royal jelly


   Skills:
 - Level 2.0 Fighting
 * Level 4.2 Axes
 - Level 1.7 Throwing
 + Level 1.4 Armour
 - Level 2.6 Dodging


You had 3 spell levels left.
You didn't know any spells.

Dungeon Overview and Level Annotations

Branches:
Dungeon (3/15)

Altars:

Annotations:
D:3 GFox's ghost, amateur HOAK


Innate Abilities, Weirdness & Mutations

You have a pair of small antennae on your head.
You are partially covered in rough black scales (AC +4, Dex -1).


Message History

You hit GFox's ghost.
GFox's ghost is lightly damaged.
GFox's ghost barely misses you.
Drink which item? (? for menu, Esc to quit)
You feel yourself speed up.
GFox's ghost hits you but does no damage.
You are very lightly contaminated with residual magic.
You hit GFox's ghost but do no damage.
GFox's ghost is lightly damaged.
GFox's ghost misses you.
You hit GFox's ghost but do no damage. GFox's ghost hits you.
You slash GFox's ghost!
GFox's ghost is moderately damaged.
GFox's ghost hits you!
* * * LOW HITPOINT WARNING * * *
A giant cockroach comes into view.
You hit GFox's ghost but do no damage.
GFox's ghost is moderately damaged.
The giant cockroach moves out of view.
GFox's ghost hits you!
You die...

...# ##........# ...#
#.######## ....# ..##
#.# ....# .## ##'##
#....## .# ##...##
....... .# ##.....##
....... .# ##.......##
.......
.###.........####W...#
...+.........'..@....#
.###.........###........
.# ##.......## #....##..
## ##.....## #..#..# #
##...## #....... # ##+##
##.##.#.# # .. > # # ##
##


You could see GFox's ghost.

Vanquished Creatures
  Terence (D:3)
  2 adders (D:2)
  An ooze (D:2)
  A worm (D:2)
  A giant gecko (D:3)
  7 bats
  2 giant cockroaches (D:2)
  2 goblins (D:1)
  6 hobgoblins
  3 giant newts (D:1)
  2 kobolds
  8 rats
36 creatures vanquished.

Notes
Turn   | Place    | Note
--------------------------------------------------------------
     0 | D:1      | Locuples the Demonspawn Gladiator began the quest for the Orb.
     0 | D:1      | Reached XP level 1. HP: 16/16 MP: 1/1
   177 | D:1      | Reached skill level 3 in Axes
   278 | D:1      | Gained mutation: You have a pair of small antennae on your head. [demonic ancestry]
   278 | D:1      | Reached XP level 2. HP: 17/22 MP: 2/2
  1066 | D:2      | HP: 1/22 [poisoned by an adder]
  1073 | D:2      | Gained mutation: You are partially covered in rough black scales (AC +4, Dex -1). [demonic ancestry]
  1073 | D:2      | Reached XP level 3. HP: 12/27 MP: 3/3
  1661 | D:2      | Reached skill level 1 in Armour
  2098 | D:2      | Reached skill level 4 in Axes
  2269 | D:3      | Noticed Terence
  2280 | D:3      | Killed Terence
  2280 | D:3      | Reached XP level 4. HP: 23/33 MP: 4/4
  2333 | D:3      | Noticed GFox's ghost (amateur HOAK)
  2342 | D:3      | Slain by GFox's ghost

Action                   |  1- 3 |  4- 6 || total
-------------------------+-------+-------++-------
Melee: War axe           |   108 |    11 ||   119
  Use: Potion            |     4 |     1 ||     5
       Scroll            |     2 |       ||     2
 Stab: Sleeping          |     2 |       ||     2
  Eat: Chunk             |     3 |     2 ||     5
